 Dungeon Crawl Stone Soup version 0.18.1-48-g4cf74bf (webtiles) character file.

842 nuthulu the Shield-Bearer (level 8, 0/46 HPs)
             Began as a Gargoyle Fighter on Sept 6, 2016.
             Slain by Menkaure (18 damage)
             ... on level 5 of the Dungeon.
             The game lasted 00:09:55 (4884 turns).

nuthulu the Shield-Bearer (Gargoyle Fighter)        Turns: 4884, Time: 00:09:56

Health: 0/46       AC: 14    Str: 18 (20) XL:     8   Next: 0%
Magic:  8/8        EV:  8    Int:  6 (9)  God:
Gold:   56         SH: 10    Dex:  6 (11) Spells: 0 memorised, 7 levels left

rFire  . . .     SeeInvis .     a - +3 flail
rCold  . . .     Gourm    .     n - +0 scale mail
rNeg   + . .     Faith    .     c - +0 shield
rPois  ∞         Spirit   .     (no helmet)
rElec  +         Dismiss  .     (no cloak)
rCorr  .         Reflect  .     e - +0 pair of gloves
SustAt .         Harm     .     (no boots)
MR     .....                    (no amulet)
Stlth  ..........               (no ring)
                                (no ring)

@: not resistant to hostile enchantments, extremely unstealthy
A: molten scales 1, mutation resistance 1, negative energy resistance 1,
electricity resistance, unbreathing, petrification resistance, rot immunity, AC
+5
a: no special abilities


You were on level 5 of the Dungeon.
You were not hungry.

You visited 1 branch of the dungeon, and saw 5 of its levels.

You collected 291 gold pieces.
You spent 235 gold pieces at shops.

Inventory:

Hand Weapons
 a - a +3 flail (weapon)
Armour
 c - a +0 shield (worn)
 e - a +0 pair of gloves (worn)
 n - a +0 scale mail (worn)
Scrolls
 g - 3 scrolls of remove curse
 i - 2 scrolls of amnesia
 k - 3 scrolls of identify
 p - a scroll of teleportation
Potions
 d - a potion of might
 h - a potion of agility
 j - 4 potions of curing
 l - 2 potions of heal wounds
Comestibles
 f - 2 bread rations
 m - 3 meat rations
 o - a royal jelly


   Skills:
 - Level 3.2 Fighting
 + Level 6.5 Maces & Flails
 - Level 3.2 Armour
 + Level 7.4 Shields


You had 7 spell levels left.
You didn't know any spells.

Dungeon Overview and Level Annotations

Branches:
Dungeon (5/15)
 Temple: D:4-7

Altars:
Fedhas
Kikubaaqudgha
Nemelex Xobeh
Ru
Vehumet
Xom

Shops:
D:5 ?

Annotations:
D:5 Menkaure


Innate Abilities, Weirdness & Mutations

You are resistant to torment.
Your stone body is resilient (AC +5).
You are immune to poison.
You resist negative energy.
You are resistant to electric shocks.
You can survive without breathing.
You are immune to petrification.
You are immune to rotting.
You are partially covered in molten scales (AC +1).
You are somewhat resistant to further mutation.


Message History

Done waiting.
Menkaure, Prince of Dust comes into view.
Menkaure shouts!
Menkaure gestures wildly while chanting.
Menkaure seems to speed up.
Found a spear and a gnoll skeleton.
You hit Menkaure.
Menkaure is lightly damaged.
You block Menkaure's attack.
You sock Menkaure!
Menkaure is heavily damaged.
Menkaure hits you! Menkaure hits you but does no damage.
You closely miss Menkaure.
Menkaure is heavily damaged.
Menkaure hits you!
You hit Menkaure.
Menkaure is severely damaged.
Menkaure forgets how to to speak, silenced by the ages.
Menkaure hits you!!
You die...

..........).......).
.§....#####....#..######
..§÷§) ####..#..##
#.§§§.# ##.....#
..§.§..## ###...####
#.......# ##......
#....<.# #..###.
##.....M###########.###.
.......@................
###.....###############.
####### #. #. ##


You could see Menkaure.

Vanquished Creatures
  An ice beast (D:4)
  An ogre (D:5)
  The ghost of rlgrobin the Cutter, an amateur DECK of Xom (D:3)
  A giant frog (D:4)
  A water moccasin skeleton (D:4)
  A hound (D:4)
  A quasit (D:4)
  2 jellies (D:4)
  A giant frog skeleton (D:5)
  Jessica (D:2)
  An orc wizard (D:3)
  2 worker ants (D:4)
  Natasha (twice) (D:2)
  An iguana (D:4)
  A hound skeleton (D:4)
  6 adders
  A gnoll (D:5)
  An ooze (D:4)
  An adder skeleton (D:5)
  2 worms
  2 giant geckos (D:1)
  8 orcs
  3 giant cockroaches
  7 hobgoblins
  A jackal (D:1)
  3 quokkas
  A sheep (D:4)
  2 ball pythons
  7 bats
  4 giant newts
  4 goblins
  5 kobolds
  3 rats
79 creatures vanquished.

Vanquished Creatures (others)
  3 gnolls (D:5)
  2 jackals (D:5)
5 creatures vanquished.

Grand Total: 84 creatures vanquished

Notes
Turn   | Place    | Note
--------------------------------------------------------------
     0 | D:1      | nuthulu the Gargoyle Fighter began the quest for the Orb.
     0 | D:1      | Reached XP level 1. HP: 14/14 MP: 1/1
   207 | D:1      | Reached XP level 2. HP: 18/19 MP: 2/2
   423 | D:1      | Gained mutation: You are somewhat resistant to further mutation. [potion of mutation]
   423 | D:1      | Gained mutation: You are partially covered in molten scales (AC +1). [potion of mutation]
   893 | D:2      | Reached XP level 3. HP: 23/23 MP: 3/3
  1058 | D:2      | Found a shimmering altar of Xom.
  1073 | D:2      | Reached skill level 4 in Shields
  1193 | D:2      | Found an ancient bone altar of Kikubaaqudgha.
  1465 | D:2      | Noticed Natasha
  1472 | D:2      | Killed Natasha
  1472 | D:2      | Reached XP level 4. HP: 26/28 MP: 4/4
  1563 | D:2      | Found a sparkling altar of Nemelex Xobeh.
  1563 | D:2      | Noticed Jessica
  1565 | D:2      | Killed Jessica
  1674 | D:2      | Noticed Natasha
  1678 | D:2      | Killed Natasha
  1678 | D:2      | Reached XP level 5. HP: 28/32 MP: 5/5
  1798 | D:3      | Reached skill level 5 in Shields
  2036 | D:3      | Noticed rlgrobin's ghost (amateur DECK)
  2056 | D:3      | Killed rlgrobin's ghost
  2056 | D:3      | Reached XP level 6. HP: 35/37 MP: 6/6
  2901 | D:4      | Found a sacrificial altar of Ru.
  3008 | D:4      | Reached skill level 5 in Maces & Flails
  3022 | D:4      | Reached skill level 6 in Shields
  3045 | D:4      | Found a shimmering altar of Xom.
  3202 | D:4      | Reached XP level 7. HP: 38/41 MP: 7/7
  3708 | D:4      | Found a blossoming altar of Fedhas.
  3861 | D:5      | Entered Level 5 of the Dungeon
  3907 | D:4      | Reached skill level 7 in Shields
  4314 | D:5      | Found Karhoss's Magic Scroll Boutique.
  4320 | D:5      | Bought a scroll of enchant weapon for 75 gold pieces
  4320 | D:5      | Bought a scroll of identify for 20 gold pieces
  4320 | D:5      | Bought a scroll of identify for 20 gold pieces
  4320 | D:5      | Bought 3 scrolls of remove curse for 90 gold pieces
  4320 | D:5      | Bought a scroll of teleportation for 30 gold pieces
  4632 | D:5      | Reached XP level 8. HP: 46/46 MP: 8/8
  4678 | D:5      | Found a radiant altar of Vehumet.
  4879 | D:5      | Noticed Menkaure
  4884 | D:5      | Slain by Menkaure

Skill      XL: |  1  2  3  4  5  6  7 |
---------------+----------------------+-----
Shields        | 4 5 6 7 |  7.4
Maces & Flails | 3 4 5 6 |  6.5
Fighting       | |  3.2
Armour         | |  3.2

Action                   |  1- 3 |  4- 6 |  7- 9 || total
-------------------------+-------+-------+-------++-------
Melee: Flail             |   143 |   191 |   110 ||   444
  Use: Potion            |     6 |     3 |     1 ||    10
       Scroll            |     3 |     4 |     3 ||    10
  Eat: Chunk             |     2 |     6 |     3 ||    11
       Bread ration      |       |       |     1 ||     1
Armor: Scale mail        |   102 |   112 |    88 ||   302
Dodge: Dodged            |    49 |    57 |    51 ||   157
Block: Shield            |    93 |    83 |    67 ||   243
